 Dungeon Crawl Stone Soup version 0.30-a0-627-gc11e7ae810 (webtiles) character file.

Game seed: 6965924654751323490

8452 arctic1k the Thaumaturge (level 11, -15/84 HPs)
             Began as a Djinni Ice Elementalist on Jan 12, 2023.
             Was a Believer of Makhleb.
             Demolished by a two-headed ogre
             ... wielding a +0 giant club
              (27 damage)
             ... on level 10 of the Dungeon.
             The game lasted 00:29:59 (9894 turns).

arctic1k the Thaumaturge (Djinni Ice Elementalist)  Turns: 9894, Time: 00:29:59

Health: -15/84     AC:  5    Str:  7    XL:     11   Next: 56%
Gold:   351        EV: 14    Int: 28    God:    Makhleb [**....] SH:  0 Dex: 13

rFire   + + .      SeeInvis .    h - +1 dagger (holy)
rCold   x . .      Faith    .    (no shield)
rNeg    . . .      Spirit   .    a - +0 troll leather armour
rPois   ∞          Reflect  .    (no helmet)
rElec   .          Harm     .    g - +0 cloak
rCorr   .          Rampage  .    (no gloves)
Will    +....                    (boots unavailable)
Stlth   ++                       (no amulet)
HPRegen 1.14/turn                t - +6 ring of intelligence
MPRegen 0.00/turn                (no ring)

@: about to teleport, flying
A: sickness immunity, fire resistance 2, cold vulnerability 1, float, innate
caster, HP casting, extra vitality 1
a: Renounce Religion, Minor Destruction


You were on level 10 of the Dungeon.
You worshipped Makhleb.
Makhleb was pleased with you.
You visited 2 branches of the dungeon, and saw 11 of its levels.

You collected 627 gold pieces.
You spent 276 gold pieces at shops.

Inventory:

Hand Weapons
 h - a +1 dagger of holy wrath (weapon)
Missiles
 C - 2 throwing nets
Armour
 a - a +0 troll leather armour (worn)
 g - a +0 cloak (worn)
 F - a +2 robe of fire resistance
Jewellery
 t - a +6 ring of intelligence (left hand)
 A - a ring of wizardry
 H - an amulet of reflection
Wands
 o - a wand of digging (8)
 v - a wand of flame (20)
 z - a wand of iceblast (5)
Scrolls
 c - a scroll of silence {unknown}
 d - a scroll of noise {unknown}
 e - 2 scrolls of enchant armour {unknown}
 f - a scroll of amnesia {unknown}
 k - 3 scrolls of vulnerability
 m - 2 scrolls of summoning
 p - 4 scrolls of magic mapping
 r - a scroll of teleportation
 u - 3 scrolls of fear {unknown}
 x - 2 scrolls of blinking {unknown}
 y - 2 scrolls of immolation {unknown}
 B - a scroll of fog {unknown}
 D - a scroll of acquirement {unknown}
 E - a scroll of enchant weapon {unknown}
Potions
 b - a potion of magic
 i - 5 potions of haste
 j - 2 potions of might
 l - a potion of lignification
 n - 3 potions of brilliance
 q - 3 potions of curing
 s - 2 potions of mutation
 w - 2 potions of heal wounds {unknown}
 I - a potion of resistance {unknown}
Miscellaneous
 G - a box of beasts


   Skills:
 + Level 9.0 Fighting
 + Level 8.1 Dodging
 - Level 1.5 Stealth
 * Level 10.4 Spellcasting
 + Level 1.9 Invocations


You had 6 spell levels left.
You knew the following spells:

 Your Spells              Type           Power      Damage    Failure   Level
a - Freeze                Ice            100%       1d10      1%          1
b - Frozen Ramparts       Ice            100%       1d16      1%          3
c - Ozocubu's Armour      Ice            65%        N/A       1%          3
d - Summon Ice Beast      Ice/Summ       65%        N/A       1%          4
e - Beastly Appendage     Tmut           100%       N/A       1%          1
f - Call Imp              Summ           65%        N/A       1%          2
g - Call Canine Familiar  Summ           65%        N/A       1%          3
h - Summon Guardian Gole  Hex/Summ       65%        N/A       1%          3
i - Animate Armour        Summ/Erth      100%       N/A       1%          4
Your spell library was empty.

Dungeon Overview and Level Annotations

Branches:
Dungeon (10/15)            Temple (1/1) D:5            Lair (0/5) D:9
    Orc: D:9-12

Altars:
Ashenzari
Cheibriados
Dithmenos
Elyvilon
Fedhas
Gozag
Hepliaklqana
Makhleb
Nemelex Xobeh
Okawaru
Qazlal
Ru
Trog
Uskayaw
Wu Jian
Xom
Yredelemnul
Zin
The Shining One

Shops:
D:2 *   D:4 :   D:6 *

Annotations:
D:3 Terence
D:9 3 runed translucent doors, Ananasrisotto's ghost, novice DrAr
D:10 Erolcha


Innate Abilities, Weirdness & Mutations

You are immune to sickness and miasma.
You are immune to poison.
Your flesh is very heat resistant. (rF++)
You are vulnerable to cold. (rC-)
You float through the air rather than walking.
You learn spells naturally, not from books.
Your magical power is your life essence.
You have superior vitality. (+4 MHP)


Message History

You don't know that spell.
Unknown command.
Casting: Summon Guardian Golem (safe; 1% risk of failure)
Confirm with . or Enter, or press ? or * to list all spells.
Your ice beast hits Erolcha but does no damage.
Erolcha attacks as you move away! Erolcha hits you with a +0 giant club!!
* * * LOW HITPOINT WARNING * * *
A two-headed ogre comes into view.
It is wielding a +0 giant club and a +0 giant spiked club.
Erolcha casts a spell at you.
The fireball explodes!
The fireball engulfs you. You resist.
* * * LOW HITPOINT WARNING * * *
Your ice beast closely misses Erolcha.
Something hits your animated troll leather armour!
Okay, then.
Casting: Animate Armour (mildly dangerous; 1% risk of failure)
Confirm with . or Enter, or press ? or * to list all spells.
* * * LOW HITPOINT WARNING * * *
You swap places.
Erolcha hits your animated troll leather armour with a +0 giant club!!
Erolcha hits your animated troll leather armour with a +0 giant club!
Your animated troll leather armour hits Erolcha. x2
Your guardian golem overheats!
The two-headed ogre attacks as you move away!
The two-headed ogre misses you.
The two-headed ogre hits you with a +0 giant spiked club!
* * * LOW HITPOINT WARNING * * *
Your animated troll leather armour hits Erolcha.
Your animated troll leather armour barely misses Erolcha.
Casting: Call Canine Familiar (safe; 1% risk of failure)
Confirm with . or Enter, or press ? or * to list all spells.
Okay, then.
As you read the scroll of teleportation, it crumbles to dust.
You feel strangely unstable.
Erolcha mumbles some strange words.
Erolcha flickers and vanishes!
Deactivating autopickup; reactivate with Ctrl-A.
The two-headed ogre attacks as you move away!
The two-headed ogre hits you but does no damage.
The two-headed ogre hits you with a +0 giant spiked club!!
You die...

#...[.......#
###..YO.......#
#.......#{Y....##
####.####...##..#
. ##..#[..###..##
... ##...9.#
##..###...#
##....# #.......#
#...#####.......#
#...###@..#......#
#....#O..####.....
#......### ##...
#######.....## ..#
#..........## .
#.###...##.## #.#
#...##..# #.#
#..###..# #.###.##
##.#########


You could see a two-headed ogre.

Vanquished Creatures
  9 yaks (D:8)
  Grum (D:10)
  3 black bears
  2 wolves (D:10)
  A centaur (D:5)
  A bullfrog (D:9)
  4 killer bees (D:8)
  A howler monkey (D:5)
  A crimson imp (D:4)
  A jelly (D:8)
  A hound (D:6)
  2 orc priests
  An iguana (D:4)
  6 orc wizards
  Ijyb (D:3)
  5 adders
  4 gnolls
  An ufetubus (D:6)
  4 worms
  23 orcs
  7 ball pythons
  8 endoplasms
  3 giant cockroaches
  5 hobgoblins
  7 kobolds
  3 quokkas
  5 bats
  5 frilled lizards
  4 goblins
  8 rats
127 creatures vanquished.

Vanquished Creatures (collateral kills)
  Urug (D:10)
  An efreet (D:10)
  A troll (D:9)
  Prince Ribbit (D:8)
  4 yaks
  2 wraiths (D:10)
  Eustachio (D:5)
  An acid dragon (D:8)
  Duvessa (D:6)
  3 orc warriors
  3 ice beasts
  2 sky beasts
  3 ogres
  6 wolves
  A kobold brigand (D:8)
  A phantom (D:6)
  A bullfrog (D:9)
  A gnoll sergeant (D:7)
  2 scorpions
  Dowan (D:6)
  2 killer bees (D:8)
  A howler monkey (D:10)
  A crimson imp (D:4)
  2 gnoll boudas (D:9)
  4 hounds
  2 orc priests
  4 orc wizards
  10 gnolls
  2 adders
  A worm (D:4)
  14 orcs
  11 kobolds
91 creatures vanquished.

Vanquished Creatures (others)
  Joseph (D:8)
  A troll (D:9)
  A yak (D:8)
  4 fungi (D:9)
7 creatures vanquished.

Grand Total: 225 creatures vanquished

Notes
Turn   | Place    | Note
-------+----------+-------------------------------------------
     0 | D:1      | arctic1k the Djinni Ice Elementalist began the quest for
                  | the Orb.
     0 | D:1      | arctic1k set off with the following spells memorised:
                  | Freeze, Frozen Ramparts, Ozocubu's Armour, Summon Ice
                  | Beast.
     0 | D:1      | Reached XP level 1. HP: 15/15 MP: 0/0
   101 | D:1      | Reached XP level 2. HP: 18/22 MP: 0/0
   378 | D:1      | Reached skill level 1 in Fighting
   565 | D:1      | Reached XP level 3. HP: 24/27 MP: 0/0
   565 | D:1      | Learned a level 1 spell: Beastly Appendage
  1159 | D:2      | Found Sech's General Store.
  1178 | D:2      | Bought a scroll of vulnerability for 52 gold pieces
  1300 | D:2      | Reached XP level 4. HP: 32/32 MP: 0/0
  1329 | D:2      | Reached skill level 4 in Spellcasting
  1629 | D:2      | Found a shimmering altar of Xom.
  1747 | D:3      | Noticed Terence
  1923 | D:3      | Reached XP level 5. HP: 21/38 MP: 0/0
  1923 | D:3      | Learned a level 2 spell: Call Imp
  2007 | D:3      | Noticed Ijyb
  2020 | D:3      | Killed Ijyb
  2198 | D:3      | Found a faded altar of an unknown god.
  2556 | D:4      | Reached XP level 6. HP: 30/45 MP: 0/0
  2628 | D:4      | Noticed a black bear
  2637 | D:4      | Killed a black bear
  2638 | D:4      | Reached skill level 5 in Spellcasting
  2976 | D:4      | Noticed an ogre
  2981 | D:4      | Killed an ogre
  2982 | D:4      | Reached XP level 7. HP: 43/50 MP: 0/0
  2982 | D:4      | Learned a level 3 spell: Call Canine Familiar
  3141 | D:4      | Found a snail-covered altar of Cheibriados.
  3181 | D:4      | Found a sacrificial altar of Ru.
  3203 | D:4      | Found a white marble altar of Elyvilon.
  3225 | D:4      | Found a blossoming altar of Fedhas.
  3228 | D:4      | Found a glowing golden altar of the Shining One.
  3233 | D:4      | Found a hazy altar of Hepliaklqana.
  3236 | D:4      | Found a bloodstained altar of Trog.
  3455 | D:4      | Found a shimmering altar of Xom.
  3547 | D:4      | Found Bauzear's Book Shop.
  3840 | D:5      | Entered Level 5 of the Dungeon
  3884 | D:5      | Found a staircase to the Ecumenical Temple.
  3900 | D:5      | Reached skill level 6 in Spellcasting
  3939 | Temple   | Entered the Ecumenical Temple
  4234 | D:5      | Reached XP level 8. HP: 56/58 MP: 0/0
  4625 | D:5      | Reached skill level 5 in Fighting
  4731 | D:5      | Noticed Eustachio
  4745 | D:5      | Killed Eustachio
  5409 | D:6      | Reached skill level 7 in Spellcasting
  5500 | D:6      | Noticed Duvessa
  5506 | D:6      | Noticed Dowan
  5517 | D:6      | Killed Duvessa
  5518 | D:6      | Reached XP level 9. HP: 57/66 MP: 0/0
  5518 | D:6      | Learned a level 3 spell: Summon Guardian Golem
  5521 | D:6      | Killed Dowan
  5780 | D:6      | Found Anev's Assorted Antiques.
  5816 | D:6      | Bought a scroll of identify for 64 gold pieces
  5816 | D:6      | Bought a blackened steel ring for 160 gold pieces
  6538 | D:7      | Reached skill level 8 in Spellcasting
  6913 | D:8      | Reached skill level 5 in Dodging
  6914 | D:8      | Reached XP level 10. HP: 38/73 MP: 0/0
  7128 | D:8      | Found a burning altar of Makhleb.
  7137 | D:8      | Became a worshipper of Makhleb the Destroyer
  7159 | D:8      | Noticed Prince Ribbit
  7165 | D:8      | Killed Prince Ribbit
  7166 | D:8      | Reached skill level 9 in Spellcasting
  7596 | D:8      | Noticed Joseph
  7616 | D:8      | Killed Joseph
  7782 | D:8      | Reached * piety under Makhleb
  8474 | D:9      | Reached XP level 11. HP: 81/81 MP: 0/0
  8474 | D:9      | Learned a level 4 spell: Animate Armour
  8477 | D:9      | Found a staircase to the Lair.
  8566 | D:9      | Reached skill level 10 in Spellcasting
  8579 | D:9      | Reached ** piety under Makhleb
  8668 | D:9      | Found a runed translucent gate.
  8669 | D:9      | Found a runed translucent gate.
  8670 | D:9      | Found a runed translucent gate.
  8673 | D:9      | Noticed Ananasrisotto's ghost (novice DrAr)
  9035 | D:9      | Found an opulent altar of Gozag.
  9036 | D:9      | Found a sparkling altar of Nemelex Xobeh.
  9236 | D:10     | Entered Level 10 of the Dungeon
  9299 | D:10     | Noticed Grum
  9307 | D:10     | Killed Grum
  9311 | D:10     | Reached skill level 1 in Invocations
  9343 | D:10     | Noticed Urug
  9355 | D:10     | Killed Urug
  9870 | D:10     | Noticed Erolcha
  9875 | D:10     | Noticed a two-headed ogre
  9894 | D:10     | Demolished by a two-headed ogre

Illustrated notes

Levels and vault maps discovered:
D:1:      wander_arrival_chamber, layout_loops_ring
D:2:      layout_loops_ring, serial_shops, shop, basic_altar, minmay_surrounded
D:3:      layout_loops_cross, ebering_ecumenical_altar_ruins, uniq_terence,
          uniq_ijyb
D:4:      layout_loops_corners, cheibrodos_worm_habitat, led_xom_imps,
          nicolae_overflow_hallway_of_the_gods, serial_shops, shop
D:5:      layout_basic, minmay_temple_entry_tees, uniq_eustachio
D:6:      layout_basic, serial_shops, shop, minivault_10,
          kennysheep_small_spiral, uniq_duvessa
D:7:      layout_loops_ring, nrook_mini_vaults
D:8:      layout_loops_ring, old_standard_altar, uniq_prince_ribbit1,
          uniq_joseph
D:9:      layout_basic, grunt_temple_overflow_opulence, erik_lair_island,
          gammafunk_ghost_nasty_kobolds, wad_floor_pattern_1
D:10:     minmay_the_grid_triangle_9x9_rhombus_thin_mashed
          [minmay_the_grid_triangle_9x9_subtriangle,
          minmay_the_grid_triangle_9x9_prize_top_heavy,
          minmay_the_grid_triangle_9x9_checkered,
          minmay_the_grid_triangle_9x9_zippers_horizontal], layout_layer_cave,
          uniq_grum, uniq_psyche, uniq_erolcha, uniq_urug
Temple:   bh_familiar_temple

Skill      XL: |  1  2  3  4  5  6  7  8  9 10 11 |
---------------+----------------------------------+-----
Fighting       | 1 2 3 4 5 6 8 9 |  9.0
Spellcasting   | 4 5 6 7 8 9 10 | 10.4
Dodging        | 3 5 7 8 |  8.1
Invocations    | 1 |  1.9
Stealth        | |  1.5

Action                   |  1- 3 |  4- 6 |  7- 9 | 10-12 || total
-------------------------+-------+-------+-------+-------++-------
Melee: Unarmed           |     4 |       |       |       ||     4
       Dagger            |    15 |    29 |    21 |     1 ||    66
       Punch             |       |       |     1 |       ||     1
 Cast: Freeze            |    48 |    42 |    17 |     9 ||   116
       Frozen Ramparts   |       |     6 |    10 |    12 ||    28
       Summon Ice Beast  |       |     1 |    12 |    20 ||    33
       Call Canine Famil |       |       |    20 |    19 ||    39
       Call Imp          |       |       |    14 |     8 ||    22
       Ozocubu's Armour  |       |       |     3 |     4 ||     7
       Summon Guardian G |       |       |       |     8 ||     8
       Animate Armour    |       |       |       |    14 ||    14
  Use: Scroll            |       |     1 |     9 |     2 ||    12
 Stab: Distracted        |     1 |       |       |       ||     1
       Sleeping          |       |     2 |     1 |       ||     3
Armor: Robe              |     9 |     9 |    22 |     3 ||    43
       Troll leather arm |       |       |       |     6 ||     6
Dodge: Dodged            |    31 |    38 |    37 |    22 ||   128

Table legend: (Time is in decaauts)
 A = Elapsed time spent in this place.
 B = Non-inter-level travel time spent in this place.
 C = Inter-level travel time spent in this place.
 D = Time resting spent in this place.
 E = Time spent auto-exploring this place.
 F = Levels seen in this place.
 G = Mean time per level.
                   A        B        C        D        E       F      G
               +--------+--------+--------+--------+--------+-----+--------+
         Total |   9898 |   9654 |    244 |    295 |   7778 |  11 |  899.8 |
       Dungeon |   9709 |   9492 |    217 |    295 |   7618 |  10 |  970.9 |
        Temple |    189 |    162 |     27 |      0 |    160 |   1 |  189.0 |
               +--------+--------+--------+--------+--------+-----+--------+

Top non-repeatable levels by time:
     D:4: 1309 daAuts
     D:8: 1167 daAuts
     D:9: 1165 daAuts
     D:5: 1152 daAuts
     D:6: 1049 daAuts
     D:2: 933 daAuts
     D:3: 802 daAuts
     D:1: 793 daAuts
     D:7: 668 daAuts
    D:10: 665 daAuts
  Temple: 189 daAuts
